 Dungeon Crawl Stone Soup version 0.29-a0-885-gb26ba3297d (webtiles) character file.

Game seed: 10049787846121174041

2091 kevlar127 the Grappler (level 9, -8/138 HPs)
             Began as a Troll Berserker on July 20, 2022.
             Was an Elder of Trog.
             Mangled by an orc warrior
             ... wielding a +0 glaive
              (14 damage)
             ... on level 7 of the Dungeon.
             The game lasted 00:08:05 (4467 turns).

kevlar127 the Grappler (Troll Berserker)            Turns: 4467, Time: 00:08:06

Health: -8/138     AC:  6    Str: 31    XL:     9   Next: 6%
Magic:  8/8        EV:  9    Int:  3    God:    Trog [****..]
Gold:   338        SH:  0    Dex:  9    Spells: 8/8 levels left

rFire   . . .      SeeInvis .     - Unarmed
rCold   . . .      Faith    .   (no shield)
rNeg    . . .      Spirit   .   v - +0 troll leather armour {Pargi}
rPois   .          Reflect  .   (helmet restricted)
rElec   .          Harm     .   (no cloak)
rCorr   .          Rampage  .   (gloves unavailable)
Will    .....                   (boots unavailable)
Stlth   ..........              (no amulet)
HPRegen 1.93/turn               (no ring)
MPRegen 0.11/turn               (no ring)

@: berserking, very quick
A: large, unfitting armour, claws 3, regeneration 1, shaggy fur 1, tough skin 1
a: Renounce Religion, Berserk, Trog's Hand, Brothers in Arms


You were on level 7 of the Dungeon.
You worshipped Trog.
Trog was greatly pleased with you.
You visited 1 branch of the dungeon, and saw 7 of its levels.
You also visited: Sewer.

You collected 338 gold pieces.

Inventory:

Missiles
 g - 59 stones (quivered)
 l - 5 boomerangs
 p - 2 throwing nets
 C - 3 javelins
Armour
 v - a +0 troll leather armour (worn) {Pargi}
Jewellery
 m - a ring of fire
Wands
 n - a wand of roots (18)
 y - a wand of mindburst (13)
 A - a wand of digging (6)
Scrolls
 a - a scroll of poison {unknown}
 b - 6 scrolls of vulnerability {unknown}
 c - 2 scrolls of enchant armour {unknown}
 d - 8 scrolls of identify {unknown}
 e - 2 scrolls of acquirement {unknown}
 f - a scroll of noise {unknown}
 h - 2 scrolls of enchant weapon {unknown}
 i - 5 scrolls of teleportation {unknown}
 t - a scroll of magic mapping {unknown}
 u - 3 scrolls of butterflies {unknown}
 w - a scroll of fear {unknown}
 x - a scroll of blinking {unknown}
Potions
 j - 5 potions of flight {unknown}
 k - a potion of mutation {unknown}
 o - a potion of berserk rage {unknown}
 q - 3 potions of curing {unknown}
 r - a potion of ambrosia {unknown}
 s - 3 potions of heal wounds {unknown}
 z - a potion of lignification {unknown}
 B - a potion of resistance {unknown}
 D - a potion of haste {unknown}


   Skills:
 + Level 6.8 Fighting
 + Level 0.3 Throwing
 - Level 4.0 Armour
 - Level 2.5 Dodging
 + Level 8.2 Unarmed Combat


You had 8 spell levels left.
You didn't know any spells.
Your spell library was empty.

Dungeon Overview and Level Annotations

Branches:
Dungeon (7/15)             Temple (0/1) D:4           Sewer (visited)

Altars:
Cheibriados
Dithmenos
Elyvilon
Nemelex Xobeh
Sif Muna
Wu Jian
The Shining One

Shops:
D:4 :


Innate Abilities, Weirdness & Mutations

You are too large for most types of armour.
You have claws for hands.
Your natural rate of healing is unusually fast.
You are covered in fur. (AC +1)
You have tough skin. (AC +1)


Message History

The orc warrior unwields a +0 arbalest.
The orc warrior wields a +0 glaive.
The orc warrior hits you with a +0 glaive!!
You scratch the orc warrior but do no damage.
The orc warrior is lightly wounded.
The orc warrior hits you with a +0 glaive!
You are too injured to fight recklessly!
You are too injured to fight recklessly!
You are too injured to fight recklessly!
You are too injured to fight recklessly!
You are too injured to fight recklessly!
You are too injured to fight recklessly!
Unknown command.
You are too injured to fight recklessly!
You are too injured to fight recklessly!
You are too injured to fight recklessly!
Unknown command.
You closely miss the orc warrior.
The orc warrior is lightly wounded.
The orc warrior hits you with a +0 glaive!
You scratch the orc warrior.
You claw the orc warrior, but do no damage.
The orc warrior is lightly wounded.
The orc warrior hits you with a +0 glaive!
* * * LOW HITPOINT WARNING * * *
You claw the orc warrior!
The orc warrior is heavily wounded.
You closely miss the orc warrior.
The orc warrior is heavily wounded.
The orc warrior hits you with a +0 glaive!
* * * LOW HITPOINT WARNING * * *
Unknown command.
A red film seems to cover your vision as you go berserk!
You feel yourself moving faster!
You feel mighty!
The orc warrior hits you with a +0 glaive!
* * * LOW HITPOINT WARNING * * *
Unknown command.
You claw the orc warrior!
The orc warrior is almost dead.
The orc warrior hits you with a +0 glaive!
You die...

#+# #.#
#$###
#####...
......##
#.....#
#.o.#
#@# #)#
#.# #$#
#.# #.#
#.# #.#
#.#


You could see an orc warrior.

Vanquished Creatures
  Menkaure (D:5)
  Pargi (Sewer)
  An ice beast (D:5)
  An orc warrior (D:5)
  3 ogres (D:6)
  A centaur (D:6)
  A bullfrog (D:6)
  A gnoll sergeant (D:6)
  3 scorpions
  A necrophage (D:5)
  A howler monkey (D:4)
  2 hounds (D:5)
  A jelly (D:6)
  4 orc priests
  3 gnoll boudas
  Ijyb (D:3)
  6 iguanas
  5 orc wizards
  21 gnolls
  2 adders
  3 white imps
  A worm (D:2)
  2 dart slugs
  18 orcs
  8 bats
  5 endoplasms
  10 giant cockroaches
  11 goblins
  12 hobgoblins
  7 jackals
  3 quokkas
  6 ball pythons
  5 frilled lizards
  6 kobolds
  6 rats
163 creatures vanquished.

Vanquished Creatures (others)
  A butterfly (D:3)
  9 plants (D:4)
10 creatures vanquished.

Grand Total: 173 creatures vanquished

Notes
Turn   | Place    | Note
-------+----------+-------------------------------------------
     0 | D:1      | kevlar127 the Troll Berserker began the quest for the Orb.
     0 | D:1      | Reached XP level 1. HP: 22/22 MP: 0/0
    77 | D:1      | Reached XP level 2. HP: 29/29 MP: 1/1
   174 | D:1      | Reached ** piety under Trog
   211 | D:1      | Reached XP level 3. HP: 37/37 MP: 2/2
   237 | D:1      | Found a faded altar of an unknown god.
   833 | D:2      | Reached skill level 4 in Unarmed Combat
   833 | D:2      | Reached XP level 4. HP: 30/45 MP: 3/3
   913 | D:2      | Reached *** piety under Trog
  1384 | D:3      | Noticed Ijyb
  1391 | D:3      | Killed Ijyb
  1392 | D:3      | Reached XP level 5. HP: 47/54 MP: 4/4
  1561 | D:3      | Found a white marble altar of Elyvilon.
  1633 | D:3      | Reached skill level 5 in Unarmed Combat
  1868 | D:4      | Reached XP level 6. HP: 39/63 MP: 5/5
  1910 | D:4      | Reached **** piety under Trog
  1913 | D:4      | Found a glowing drain.
  1952 | D:4      | HP: 2/94 [orc/+1 flail of protection (7)]
  2088 | D:4      | Found a staircase to the Ecumenical Temple.
  2133 | D:4      | Found a snail-covered altar of Cheibriados.
  2185 | D:4      | Found a shimmering blue altar of Sif Muna.
  2201 | D:4      | Found Sievvim's Book Boutique.
  2587 | Sewer    | Entered a sewer
  2646 | Sewer    | Identified the +7 mace of Orimy {drain, rPois rN++ Int-4
                  | Dex+4}
  2652 | Sewer    | Noticed Pargi
  2657 | Sewer    | Killed Pargi
  2658 | Sewer    | Reached skill level 5 in Fighting
  2658 | Sewer    | Reached skill level 6 in Unarmed Combat
  2658 | Sewer    | Reached XP level 7. HP: 63/72 MP: 6/6
  2763 | D:5      | Entered Level 5 of the Dungeon
  2778 | D:5      | Reached skill level 1 in Armour
  2962 | D:5      | Reached XP level 8. HP: 77/83 MP: 7/7
  2984 | D:5      | Noticed Menkaure
  2988 | D:5      | Reached skill level 7 in Unarmed Combat
  2992 | D:5      | Killed Menkaure
  3433 | D:6      | Found a sparkling altar of Nemelex Xobeh.
  3601 | D:6      | Found an ornate altar of the Wu Jian Council.
  3958 | D:6      | Reached skill level 8 in Unarmed Combat
  4124 | D:6      | Reached XP level 9. HP: 92/92 MP: 8/8
  4296 | D:7      | Found a shadowy altar of Dithmenos.
  4329 | D:7      | Found a glowing golden altar of the Shining One.
  4466 | D:7      | HP: 5/138 [orc warrior/+0 glaive (11)]
  4467 | D:7      | Mangled by an orc warrior

Illustrated notes

Levels and vault maps discovered:
D:1:      psy_arrival_whirlpool, layout_basic,
          chequers_ecumenical_altar_simple_redux, minmay_tiny_reverse_x
D:2:      minmay_spotlight, layout_basic
D:3:      layout_basic, nicolae_elyvilon_peaceful_grove, uniq_ijyb
D:4:      layout_cave_pools, mainiacjoe_overflow_small_starburst,
          marbit_many_paths, minmay_temple_entry_junction, portal_sewer_entry_f,
          chequers_big_river, nicolae_take_the_stairs
D:5:      layout_rooms, uniq_menkaure
D:6:      layout_basic, mainiacjoe_overflow_alcove_1,
          pdpol_wu_jian_five_deadly_venoms
D:7:      layout_loops_corners, mainiacjoe_overflow_alcove_2,
          nicolae_dithmenos_the_darkroom

Skill      XL: |  1  2  3  4  5  6  7  8 |
---------------+-------------------------+-----
Fighting       | 3 4 5 6 |  6.8
Unarmed Combat | 4 5 6 8 |  8.2
Armour         | 2 4 |  4.0
Throwing       | |  0.3
Dodging        | |  2.5

Action                   |  1- 3 |  4- 6 |  7- 9 || total
-------------------------+-------+-------+-------++-------
Melee: Unarmed           |   107 |   172 |   147 ||   426
       Punch             |     1 |     2 |     5 ||     8
Invok: Berserk           |       |     2 |     1 ||     3
       Trog's Hand       |       |     1 |       ||     1
 Stab: Sleeping          |     1 |       |       ||     1
Armor: Animal skin       |    49 |    49 |       ||    98
       Troll leather arm |       |       |    38 ||    38
Dodge: Dodged            |    70 |    84 |    61 ||   215

Table legend: (Time is in decaauts)
 A = Elapsed time spent in this place.
 B = Non-inter-level travel time spent in this place.
 C = Inter-level travel time spent in this place.
 D = Time resting spent in this place.
 E = Time spent auto-exploring this place.
 F = Levels seen in this place.
 G = Mean time per level.
                   A        B        C        D        E       F      G
               +--------+--------+--------+--------+--------+-----+--------+
         Total |   4448 |   4225 |    223 |     53 |   3343 |   8 |  556.0 |
       Dungeon |   4304 |   4081 |    223 |     53 |   3229 |   7 |  614.9 |
         Sewer |    143 |    143 |      0 |      0 |    114 |   1 |  143.0 |
               +--------+--------+--------+--------+--------+-----+--------+

Top non-repeatable levels by time:
     D:6: 1085 daAuts
     D:4: 777 daAuts
     D:2: 692 daAuts
     D:1: 586 daAuts
     D:3: 565 daAuts
     D:5: 408 daAuts
     D:7: 188 daAuts
   Sewer: 143 daAuts
